 Dungeon Crawl Stone Soup version 0.26-a0-597-gb535b0901c (webtiles) character file.

Game seed: 7221843102169420292

619182 Borgoz the Slayer (level 25, -14/242 (250) HPs)
             Began as a Minotaur Gladiator on Sept 15, 2020.
             Was the Champion of Ashenzari.
             Collided with a rock wall (40 damage)
             ... caused by a lich
             ... on level 3 of the Depths on Sept 16, 2020.
             The game lasted 03:02:56 (65210 turns).

Borgoz the Slayer (Minotaur Gladiator)             Turns: 65210, Time: 03:02:57

HP:   -14/242 (250) AC: 37    Str: 30    XL:     25   Next: 88%
MP:   0/31          EV: 30    Int:  3    God:    Ashenzari [******]
Gold: 4591          SH: 11    Dex: 26    Spells: 29/36 levels left

rFire    + + +     SeeInvis +   b - +8 autumn katana {vorpal, Clar}
rCold    + . .     Faith    .   K - +2 buckler {reflect}
rNeg     . . .     Spirit   +   n - +7 plate armour of Dice, Bag, and Bottle {*Drain +Fly rPois Regen+} (curse)
rPois    +         Reflect  +   m - +2 hat (curse)
rElec    +         Harm     .   E - scarf {rC+ rF+}
rCorr    .         Clarity  +   G - +2 pair of gloves {archery} (curse)
MR       ++...                  Q - +0 pair of boots "Roogekh" {MR+ Str+3} (curse)
Stlth    ..........             l - amulet "Hoolumn" {Spirit rElec rPois Stlth-}
HPRegen  0.90/turn              R - ring "Cadou" {rF+ Str+4 SInv Stlth+} (curse)
MPRegen  0.22/turn              H - +6 ring of dexterity

@: about to teleport, studying 2 skills
A: retaliatory headbutt, horns 2, dopey 1, fire resistance 1, screaming 1, wild
magic 1, MP-powered wands
}: 5/15 runes: decaying, slimy, silver, abyssal, gossamer
a: Curse Item, Scrying, Transfer Knowledge, Renounce Religion, Evoke Flight


You were on level 3 of the Depths.
You worshipped Ashenzari.
Ashenzari was exalted by your worship.
You visited 12 branches of the dungeon, and saw 52 of its levels.
You visited the Abyss 6 times.
You visited 1 bazaar.
You also visited: Trove, Sewer, Bailey, Gauntlet, Ice Cave and Wizlab.

You collected 8598 gold pieces.
You spent 4007 gold pieces at shops.

Inventory:

Hand Weapons
 a - the +1 triple sword of the Weasel {vorpal, +Fly Str+3 Int+4}
   (You found it in a treasure trove)

   It inflicts extra damage upon your enemies.
   It affects your strength (+3).
   It affects your intelligence (+4).
   It lets you fly.
 b - the +8 autumn katana (weapon) {vorpal, Clar}
   (You found it on level 5 of the Vaults)

   It inflicts extra damage upon your enemies.
   It protects you against confusion.
 o - a cursed +4 triple sword of electrocution
 T - a +2 great sword of flaming
Armour
 m - a cursed +2 hat (worn)
 n - the cursed +7 plate armour of Dice, Bag, and Bottle (worn) {*Drain +Fly rPois Regen+}
   (You found it on level 3 of the Abyss)

   It protects you from poison.
   It lets you fly.
   It increases your rate of regeneration.
   It causes draining when unequipped.
   It has a curse placed upon it.
 E - a scarf of resistance (worn)
 F - the +0 cloak "Forget-Me-Not" {rElec Str+3}
   (You found it on level 1 of the Lair of Beasts)

   It affects your strength (+3).
   It insulates you from electricity.
 G - a cursed +2 pair of gloves of archery (worn)
 K - a +2 buckler of reflection (worn)
 Q - the cursed +0 pair of boots "Roogekh" (worn) {MR+ Str+3}
   (You bought it in a shop on level 3 of the Elven Halls)

   It affects your strength (+3).
   It affects your resistance to hostile enchantments.
   It has a curse placed upon it.
 Y - a +2 cloak of preservation
Jewellery
 l - the amulet "Hoolumn" (around neck) {Spirit rElec rPois Stlth-}
   (You found it on level 5 of the Vaults)

   [amulet of guardian spirit]

   It causes incoming damage to be split between your health and magic.
   It insulates you from electricity.
   It protects you from poison.
   It makes you less stealthy.
 H - a +6 ring of dexterity (right hand)
 R - the cursed ring "Cadou" (left hand) {rF+ Str+4 SInv Stlth+}
   (You took it off a deep elf sorcerer on level 3 of the Elven Halls)

   [ring of see invisible]

   It affects your strength (+4).
   It protects you from fire.
   It lets you see invisible.
   It makes you more stealthy.
   It has a curse placed upon it.
 U - the ring of Kij Ijeh {Ice rPois Str-4 Dex+8}
   (You found it on level 3 of the Crypt)

   [ring of ice]

   It enhances your ice magic.
   It affects your strength (-4).
   It affects your dexterity (+8).
   It makes you vulnerable to fire.
   It protects you from cold.
   It protects you from poison.
Wands
 d - a wand of flame (97)
 f - a wand of acid (19)
 v - a wand of iceblast (50)
 N - a wand of digging (10)
 O - a wand of paralysis (44)
 P - a wand of disintegration (23)
Scrolls
 e - 4 scrolls of blinking
 h - 14 scrolls of remove curse
 j - 29 scrolls of teleportation
 k - 5 scrolls of holy word
 s - 11 scrolls of magic mapping
 u - 8 scrolls of fear
 y - a scroll of amnesia
 C - 51 scrolls of identify
 I - a scroll of enchant armour
 J - 14 scrolls of fog
 V - 3 scrolls of summoning
Potions
 c - 17 potions of stabbing
 g - 6 potions of mutation
 i - 10 potions of haste
 p - 15 potions of curing
 q - 8 potions of brilliance
 r - 10 potions of flight
 w - 5 potions of heal wounds
 z - 7 potions of resistance
 A - 8 potions of magic
 B - 8 potions of lignification
 D - 11 potions of might
 L - 4 potions of cancellation
 S - a potion of berserk rage
 W - 2 potions of ambrosia
Books
 t - a manual of Shields
 x - a manual of Unarmed Combat


   Skills:
 * Level 25.3 Fighting
 * Level 23.9 Long Blades
 - Level 2.0 Throwing
 * Level 25.0(27) Armour
 * Level 23.6 Dodging
 - Level 7.0 Stealth
 + Level 12.4 Shields
 + Level 6.3 Spellcasting
 + Level 6.2 Hexes
 - Level 5.0 Evocations


You had 29 spell levels left.
You knew the following spells:

 Your Spells              Type           Power        Failure   Level
a - Confusing Touch       Hex            #.......     28%         3
b - Blink                 Tloc           N/A          85%         2
c - Ensorcelled Hibernat  Hex/Ice        #.....       45%         2

Your spell library contained the following spells:

 Spells                   Type           Power        Failure   Level
 Corona                   Hex            #......      11%         1
 Slow                     Hex            #.......     14%         2
 Tukima's Dance           Hex            #.......     28%         3
 Cause Fear               Hex            #.........   63%         4
 Dazzling Flash           Conj/Hex       #.....       67%         3
 Animate Skeleton         Necr           #.....       73%         1
 Apportation              Tloc           #.....       73%         1
 Foxfire                  Conj/Fire      #...         73%         1
 Freeze                   Ice            #...         73%         1
 Magic Dart               Conj           #...         73%         1
 Pain                     Necr           #...         73%         1
 Sandblast                Erth           #.....       73%         1
 Shock                    Conj/Air       #...         73%         1
 Summon Small Mammal      Summ           #...         73%         1
 Call Imp                 Summ           #.......     85%         2
 Passwall                 Tmut/Erth      #.......     85%         2
 Poisonous Vapours        Pois/Air       #.....       85%         2
 Searing Ray              Conj           #.....       85%         2
 Sublimation of Blood     Necr           #.........   85%         2
 Swiftness                Air            #.......     85%         2
 Wereblood                Tmut           #.......     85%         2
 Fulminant Prism          Conj/Hex       #.........   96%         4
 Leda's Liquefaction      Hex/Erth       #.........   96%         4
 Conjure Flame            Conj/Fire      #.......     97%         3
 Frozen Ramparts          Ice            #.....       97%         3
 Gell's Gravitas          Tloc           #.........   97%         3
 Ignite Poison            Fire/Tmut/Pois #.......     97%         3
 Mephitic Cloud           Conj/Pois/Air  #.......     97%         3
 Ozocubu's Armour         Ice            #.......     97%         3
 Spider Form              Tmut/Pois      #.........   97%         3
 Static Discharge         Conj/Air       #.......     97%         3
 Stone Arrow              Conj/Erth      #.....       97%         3
 Vampiric Draining        Necr           #.........   97%         3
 Airstrike                Air            #.........   100%        4
 Animate Dead             Necr           #.........   100%        4
 Hailstorm                Conj/Ice       #.......     100%        4
 Ice Form                 Ice/Tmut       #.......     100%        4
 Iskenderun's Mystic Bla  Conj/Tloc      #.......     100%        4
 Olgreb's Toxic Radiance  Pois           #.......     100%        4
 Petrify                  Tmut/Erth      #.......     100%        4
 Summon Ice Beast         Ice/Summ       #.......     100%        4
 Summon Lightning Spire   Summ/Air       #.......     100%        4
 Agony                    Necr           #.......     100%        5
 Alistair's Intoxication  Tmut/Pois      #........    100%        5
 Bolt of Magma            Conj/Fire/Erth #.........   100%        5
 Borgnjor's Vile Clutch   Necr/Erth      #.........   100%        5
 Excruciating Wounds      Necr           #.........   100%        5
 Fireball                 Conj/Fire      #.........   100%        5
 Irradiate                Conj/Tmut      #.........   100%        5
 Lightning Bolt           Conj/Air       #.........   100%        5
 Metabolic Englaciation   Hex/Ice        #.........   100%        5
 Silence                  Hex/Air        #.........   100%        5
 Yara's Violent Unravell  Hex/Tmut       #.........   100%        5
 Conjure Ball Lightning   Conj/Air       #.........   100%        6
 Death Channel            Necr           #.........   100%        6
 Eringya's Noxious Bog    Tmut/Pois      #.........   100%        6
 Freezing Cloud           Conj/Ice/Air   #.........   100%        6
 Hydra Form               Tmut           #.........   100%        6
 Iron Shot                Conj/Erth      #.........   100%        6
 Shadow Creatures         Summ           N/A          100%        6
 Simulacrum               Ice/Necr       #.........   100%        6
 Starburst                Conj/Fire      #.........   100%        6
 Statue Form              Tmut/Erth      #........    100%        6
 Dragon Form              Tmut           #.........   100%        7
 Discord                  Hex            #.........   100%        8
 Ignition                 Fire           #.........   100%        8
 Necromutation            Tmut/Necr      #.........   100%        8
 Dragon's Call            Summ           #.........   100%        9
 Shatter                  Erth           #.........   100%        9
 Tornado                  Air            #.........   100%        9


Dungeon Overview and Level Annotations

Branches:
Dungeon (15/15)            Temple (1/1) D:7            Lair (6/6) D:9
  Swamp (4/4) Lair:2       Spider (4/4) Lair:4        Slime (5/5) Lair:5
    Orc (2/2) D:10            Elf (3/3) Orc:2        Vaults (5/5) D:14
  Crypt (3/3) Vaults:3       Tomb (1/3) Crypt:3      Depths (3/5) D:15
  Sewer (visited)          Bailey (visited)           IceCv (visited)
 WizLab (visited)         Gauntlet (visited)

Altars:
Ashenzari
Cheibriados
Dithmenos
Elyvilon
Fedhas
Gozag
Hepliaklqana
Kikubaaqudgha
Makhleb
Nemelex Xobeh
Okawaru
Qazlal
Ru
Sif Muna
Trog
Uskayaw
Vehumet
Wu Jian
Xom
Yredelemnul
Zin
The Shining One
Beogh
Jiyva

Shops:
D:10 (   D:15 ?   Orc:2 ?(}=   Elf:1 !!!}?   Elf:3 (*   Vaults:1 !   Vaults:2 (

Portals:
Hell: Depths:1 Depths:2
Abyss: D:4
Pandemonium: Depths:2


Innate Abilities, Weirdness & Mutations

You reflexively headbutt those who attack you in melee.
You have a pair of horns on your head.
You are dopey. (Int -2)
Your flesh is heat resistant. (rF+)
You occasionally shout uncontrollably at your foes.
Your spells are a little harder to cast, but a little more powerful.
You expend magic power (3 MP) to strengthen your wands.


Message History

You feel strangely unstable.
The shadow demon gestures.
The Tzitzimitl calls on the powers of darkness!
The iron dragon convulses!
Your body is wracked with pain!
* * * LOW HITPOINT WARNING * * *
The fire dragon convulses!
The reaper misses you.
The iron dragon bites you but does no damage.
You block the iron dragon's attack. The iron dragon misses you.
The lich touches you but does no damage.
You slice the ynoxinul!!
The ynoxinul is severely wounded.
The shadow demon gestures.
The sun demon disappears in a puff of smoke!
You block the ynoxinul's attack.
The lich gestures at you while chanting.
The lance of force hits you!!
* * * LOW HITPOINT WARNING * * *
You are knocked back by the lance of force.
You slam into the rock wall!
You die...

..####..####..#.!8[,*,{
** , ,,
..'........+....≈.?, ,, .
*, ,,,
..'...##...+......,{* .≈.
* , ***
≈##..##....##≈≈..####..≈≈
*, ,
..#..###...#..≈..[.......
,,* (.#..##....#
∆#.LD({....., ,**
###..####..####D[##≈≈..≈≈
, *
,,..##*#.......L1#∆,≈..≈.
, ,.### #.#.##..33@#
∆*..#? * ** #......2.42#
* +#* * , #.#.#.........,
, ,,* ##.....§....... ,,,
#.###.....#..# * **** ♣{
#.......... ** , *
♣{**#.........#,*
≈,,,,{,,...>......# ≈, ,
**,* ** ,, , ,


You could see an iron dragon, a Tzitzimitl (summoned), a fire dragon, 2 liches,
a reaper (summoned), a sun demon (summoned), a shadow demon (summoned), a rust
devil (summoned) and a ynoxinul (summoned).

Vanquished Creatures
  the Royal Jelly (Slime:5)
  3 ancient liches
  Saint Roka (Vaults:3)
  Margery (Vaults:2)
  A golden dragon (Depths:3)
  Nikola (Swamp:2)
  3 bone dragons
  The ghost of Vileos the Hand of Fortune, an adept DsGl of Nemelex Xobeh (Vaults:2)
  4 tentacled monstrosities
  9 liches
  2 deep elf blademasters (Elf:3)
  3 quicksilver dragons (Vaults:5)
  2 Ice Fiends (IceCv)
  Asterion (Depths:1)
  2 titans (Vaults:5)
  22 acid blobs
  A deep elf master archer (Elf:3)
  An Executioner (Abyss:3)
  3 ancient champions
  Frances (Spider:1)
  A tentacled starspawn (Abyss:4)
  A thorn hunter (Swamp:3)
  A sphinx (Tomb:1)
  Roxanne (Spider:1)
  3 tengu reavers
  5 shadow dragons
  A nagaraja (Vaults:2)
  5 storm dragons
  2 revenants (Crypt:1)
  Kirke (Swamp:2)
  15 deep elf sorcerers
  4 fire giants
  8 ghost moths
  10 frost giants
  Louise (Swamp:2)
  18 azure jellies
  An iron dragon (Vaults:4)
  3 emperor scorpions
  3 cacodemons (Abyss:3)
  14 vault wardens
  4 ghouls
  4 curse skulls
  8 deep elf elementalists
  18 very ugly things
  16 ironheart preservers
  A reaper (Abyss:3)
  11 entropy weavers
  2 spriggan defenders (Depths:3)
  21 stone giants
  7 war gargoyles
  12 vampire knights
  13 deep elf demonologists
  5 deep elf annihilators
  A minotaur (Gauntlet)
  12 ettins
  4 spark wasps
  6 eidola
  A merfolk impaler (Depths:1)
  12 deep elf death magi
  7 fire dragons
  3 jiangshi (Crypt:1)
  A quicksilver dragon zombie (Crypt:1)
  The ghost of zealot1 the Grappler, a journeyman TrFi of Cheibriados (D:8)
  4 death oozes
  3 crystal guardians (Crypt:3)
  2 mummy priests (Tomb:1)
  5 deep elf high priests
  Fannar (D:12)
  7 great orbs of eyes
  5 ice dragons
  2 spriggan air magi (Depths:3)
  9 yaktaur captains
  2 ghost crabs
  9 rakshasas
  Erolcha (Orc:1)
  19 hydras
  The ghost of Lugonue the Thaumaturge, a journeyman DECj of Sif Muna (Lair:4)
  33 vault guards
  2 catoblepae
  2 shambling mangroves
  9 centaur warriors
  8 ogre magi
  38 dancing weapons
  2 death knights
  A queen ant (Spider:3)
  20 two-headed ogres
  5 deep troll shamans
  4 hell hogs (Abyss:3)
  8 alligators
  3 death yaks
  2 tengu warriors (Depths:2)
  2 titan zombies (Crypt:3)
  A shock serpent (Depths:2)
  2 deep troll earth magi
  3 vampire magi
  5 thrashing horrors
  8 orc high priests
  2 spriggan berserkers (Depths:3)
  17 hell knights
  Urug (Lair:2)
  A titan skeleton (Crypt:3)
  4 wretched stars
  3 spatial maelstroms
  3 shadow wraiths
  3 sixfirhies
  26 deep elf knights
  A golden dragon zombie (Crypt:3)
  3 iron trolls
  A spriggan druid (Swamp:4)
  24 deep trolls
  A swamp dragon (shapeshifter) (Depths:2)
  A ghost moth zombie (Crypt:3)
  21 skeletal warriors
  5 flayed ghosts
  2 orange crystal statues
  24 large abominations
  7 swamp dragons
  2 unseen horrors
  A glowing orange brain (shapeshifter) (Vaults:5)
  3 glowing orange brains
  8 starcursed masses
  18 deep elf archers
  2 wizards
  A harpy (shapeshifter) (Elf:2)
  15 ironbrand convokers
  A lindwurm (shapeshifter) (Vaults:5)
  9 phantasmal warriors
  A shadow dragon zombie (Crypt:3)
  A golden dragon skeleton (Crypt:3)
  An anaconda skeleton (Crypt:1)
  3 harpies (Vaults:2)
  16 orb spiders
  A wolf spider zombie (Crypt:1)
  3 shining eyes
  40 ugly things
  9 orc knights
  7 cyclopes
  11 necromancers
  67 deep elf magi
  35 wolf spiders
  3 frost giant zombies
  2 orc sorcerers
  An oklob plant (D:10)
  2 iron dragon zombies
  A manticore (D:14)
  2 dire elephant zombies
  An elephant (shapeshifter) (Elf:1)
  3 worldbinders (Abyss:3)
  A fire giant skeleton (Vaults:4)
  A centaur zombie (D:14)
  2 rust devils
  A moth of wrath (Spider:3)
  Maurice (D:9)
  Joseph (D:7)
  4 apocalypse crabs
  5 elephants (Lair:6)
  A red draconian zombie (Crypt:1)
  3 ice statues
  3 stone giant skeletons
  3 smoke demons
  A torpor snail (Spider:2)
  3 black mambas
  A gargoyle (D:11)
  2 storm dragon simulacra
  A catoblepas zombie (Crypt:1)
  19 vault sentinels
  A dire elephant skeleton (Crypt:1)
  5 centaur skeletons
  2 water nymphs (shapeshifter)
  An orange demon (Abyss:2)
  22 cane toads
  2 shock serpent skeletons
  A rime drake (Lair:6)
  2 yaktaurs (shapeshifter)
  3 hellions
  A komodo dragon (shapeshifter) (Elf:1)
  40 yaktaurs
  4 tengu conjurers
  9 freezing wraiths
  8 komodo dragons
  2 catoblepas skeletons (Crypt:1)
  14 ice devils
  A hellwing (Depths:2)
  A sea snake zombie (Crypt:2)
  A red devil (Depths:2)
  7 demonic crawlers
  10 trolls
  A yaktaur skeleton (Vaults:2)
  4 ancient zymes
  A merfolk (shapeshifter) (Elf:3)
  A queen bee (Abyss:4)
  8 tyrant leeches
  A jumping spider (shapeshifter) (Vaults:4)
  35 jumping spiders
  5 polar bears (Lair:6)
  7 meliai
  A meliai (shapeshifter) (Vaults:1)
  A tyrant leech (shapeshifter) (Vaults:5)
  73 slime creatures
  24 hornets
  2 hydra skeletons (Crypt:1)
  2 blink frogs (shapeshifter)
  18 blink frogs
  2 hippogriffs (shapeshifter)
  A dream sheep (Lair:6)
  5 bog bodies
  9 hippogriffs
  12 raiju
  A dream sheep (shapeshifter) (D:15)
  4 air elementals
  A fire dragon zombie (Crypt:3)
  4 shadows
  54 flying skulls
  An ettin skeleton (Crypt:1)
  2 spriggans (shapeshifter)
  A fire dragon skeleton (Crypt:3)
  3 centaur simulacra (Gauntlet)
  An ice dragon skeleton (Abyss:2)
  17 spriggans
  28 tarantellas
  10 water elementals
  79 redbacks
  An ushabti (Tomb:1)
  7 hogs (Swamp:2)
  10 wraiths
  2 ynoxinuls
  2 fire elementals
  A fire bat (Abyss:3)
  35 yaks
  Grum (D:10)
  2 wyverns
  3 golden eyes (Slime:3)
  3 chaos spawn
  2 basilisks
  19 small abominations
  17 vampire mosquitoes
  A neqoxec (Abyss:4)
  13 swamp worms
  13 insubstantial wisps
  2 nagas (shapeshifter)
  25 soldier ants
  10 wargs
  6 spatial vortices
  3 acid dragons
  11 water moccasins
  A hell hound (Abyss:1)
  11 porcupines
  11 swamp drakes
  2 sky beasts
  An eye of draining (shapeshifter) (Depths:2)
  A fire dragon simulacrum (Abyss:2)
  32 orc warriors
  7 black bears
  4 ice beasts
  A tengu (shapeshifter) (Elf:3)
  2 phantoms
  11 boggarts
  The ghost of Lanoc the Poker, an amateur MfAK of Lugonu (D:4)
  25 ogres
  2 human zombies (Vaults:2)
  5 eyes of draining
  4 human skeletons
  9 necrophages
  47 wolves
  A swamp dragon skeleton (Crypt:3)
  35 centaurs
  A centaur (shapeshifter) (Vaults:5)
  9 crocodiles
  A dream sheep skeleton (Crypt:1)
  An elf zombie (Abyss:1)
  6 big kobolds
  18 bullfrogs
  A wyvern zombie (D:12)
  4 earth elementals
  A gnoll sergeant (D:7)
  A cane toad simulacrum (Abyss:3)
  A wyvern skeleton (Crypt:1)
  6 scorpions
  A hornet simulacrum (Gauntlet)
  2 polar bear zombies (Crypt:2)
  A warg skeleton (Crypt:2)
  A troll zombie (D:10)
  A shapeshifter zombie (Crypt:1)
  A human simulacrum (Vaults:3)
  6 killer bees (D:10)
  22 wights
  3 howler monkeys
  2 electric eels
  2 bullfrog zombies
  A wyvern simulacrum (Gauntlet)
  4 quasits
  4 hounds
  6 jellies
  23 orc wizards
  41 orc priests
  5 iguanas
  22 worker ants
  A hell rat (D:9)
  A deep dwarf zombie (Crypt:2)
  6 ogre zombies
  A deep dwarf skeleton (Crypt:2)
  3 mummies (Tomb:1)
  A hound zombie (D:7)
  3 hound skeletons
  2 worker ant zombies
  10 gnolls
  A howler monkey skeleton (D:11)
  13 adders
  6 river rats
  A shadow imp (D:6)
  13 white imps
  6 ufetubi
  11 oozes
  2 adder skeletons
  An adder zombie (D:7)
  3 worms
  4 dart slugs
  9 leopard geckos
  138 orcs
  3 giant cockroaches
  9 goblins
  5 hobgoblins
  11 jackals
  4 quokkas
  5 ball pythons
  7 bats
  2 frilled lizards
  A giant cockroach zombie (Crypt:1)
  A goblin skeleton (D:10)
  2 goblin zombies (D:10)
  A hobgoblin zombie (D:10)
  25 kobolds
  A leopard gecko skeleton (D:4)
  2 orc skeletons
  15 orc zombies
  2 quokka skeletons (D:4)
  3 quokka zombies
  14 rats
  A river rat skeleton (Crypt:1)
  A briar patch (Swamp:3)
  2 crawling corpses (Elf:3)
  A lurking horror (Abyss:4)
  A starspawn tentacle (Abyss:2)
2543 creatures vanquished.

Vanquished Creatures (others)
  A deep elf sorcerer (Elf:3)
  A deep elf demonologist (Vaults:4)
  A deep elf knight (Vaults:3)
  A deep elf archer (Vaults:1)
  A spriggan druid (Swamp:4)
  A deep elf mage (Elf:1)
  A hornet (Swamp:1)
  A meliai (Abyss:4)
  A tyrant leech (Swamp:1)
  A spriggan (Swamp:1)
  A water elemental (Elf:1)
  A swamp worm (Swamp:2)
  A swamp drake (Swamp:4)
  An ogre (Vaults:4)
  A boggart (Depths:2)
  2 white imps (IceCv)
  4 ufetubi (IceCv)
  An orc (Vaults:5)
  2 briar patches (Swamp:3)
  4 bushes (D:7)
  12 fungi
  35 plants
  3 starspawn tentacles
  17 toadstools
  7 withered plants (D:7)
102 creatures vanquished.

Grand Total: 2645 creatures vanquished

Notes
Turn   | Place    | Note
-------+----------+-------------------------------------------
     0 | D:1      | Borgoz the Minotaur Gladiator began the quest for the Orb.
     0 | D:1      | Reached XP level 1. HP: 18/18 MP: 0/0
   298 | D:1      | Reached XP level 2. HP: 25/25 MP: 1/1
   359 | D:1      | Reached skill level 1 in Armour
   817 | D:1      | Reached XP level 3. HP: 30/30 MP: 2/2
  1077 | D:2      | Reached skill level 1 in Stealth
  1113 | D:2      | Found an iron altar of Okawaru.
  1113 | D:2      | Noticed an ice beast
  1155 | D:2      | Found a transporter.
  1163 | D:2      | Found a transporter.
  1614 | D:2      | Killed an ice beast
  1614 | D:2      | Reached XP level 4. HP: 13/38 MP: 3/3
  1614 | D:2      | Reached XP level 5. HP: 15/45 MP: 4/4
  2073 | D:3      | Learned a level 3 spell: Confusing Touch
  2345 | D:3      | Found a shimmering altar of Xom.
  2400 | D:3      | Found a glowing drain.
  2404 | D:3      | Reached XP level 6. HP: 43/52 MP: 5/5
  2416 | Sewer    | Entered a sewer
  2657 | Sewer    | Reached skill level 5 in Long Blades
  2842 | Sewer    | Reached XP level 7. HP: 60/60 MP: 5/7
  3320 | D:3      | Found a burning altar of Makhleb.
  3322 | D:3      | Found a glowing silver altar of Zin.
  3322 | D:3      | Noticed an angel
  3323 | D:3      | Noticed an Executioner
  3477 | D:3      | Found a glowing golden altar of the Shining One.
  3693 | D:4      | Noticed a small abomination
  3695 | D:4      | Noticed Lanoc's ghost (amateur MfAK)
  3702 | D:4      | Found a transporter.
  3712 | D:4      | Found a transporter.
  3738 | D:4      | Reached skill level 5 in Dodging
  3738 | D:4      | Reached skill level 1 in Spellcasting
  3741 | D:4      | Reached skill level 1 in Hexes
  3752 | D:4      | Reached skill level 5 in Fighting
  4035 | D:4      | Found a hazy altar of Hepliaklqana.
  4153 | D:4      | Found a one-way gate to the infinite horrors of the Abyss.
  4310 | D:5      | Entered Level 5 of the Dungeon
  4318 | D:5      | Reached XP level 8. HP: 68/68 MP: 8/8
  4834 | D:5      | Found a radiant altar of Vehumet.
  5325 | D:6      | Reached skill level 5 in Armour
  6118 | D:6      | Found a blossoming altar of Fedhas.
  6118 | D:6      | Found an ornate altar of the Wu Jian Council.
  6196 | D:7      | Noticed Joseph
  6208 | D:7      | Killed Joseph
  6277 | D:7      | Found a staircase to the Ecumenical Temple.
  6288 | Temple   | Entered the Ecumenical Temple
  6320 | Temple   | Became a worshipper of Ashenzari the Shackled
  6568 | D:7      | Reached XP level 9. HP: 78/78 MP: 10/10
  7123 | D:7      | Found a bloodstained altar of Trog.
  7231 | D:7      | Found an ancient bone altar of Kikubaaqudgha.
  7292 | D:7      | Reached XP level 10. HP: 73/88 MP: 12/12
  7659 | D:8      | Found a flagged portal.
  7713 | Bailey   | Entered a bailey
  7722 | Bailey   | Reached skill level 1 in Evocations
  7989 | Bailey   | HP: 4/88 [orc warrior/+0 halberd (10)]
  8367 | Bailey   | Reached * piety under Ashenzari
  8910 | D:8      | Found a runed translucent gate.
  8910 | D:8      | Found a runed translucent gate.
  8910 | D:8      | Found a runed translucent gate.
  8911 | D:8      | Noticed a ten-headed hydra
  8912 | D:8      | Noticed zealot1's ghost (journeyman TrFi)
  9093 | D:8      | Found an opulent altar of Gozag.
  9263 | D:9      | Noticed a death yak
  9264 | D:9      | Noticed a death yak
  9265 | D:9      | Found a staircase to the Lair.
  9265 | D:9      | Noticed a death yak
  9303 | D:8      | Killed a death yak
  9391 | D:8      | Killed a death yak
  9553 | D:9      | Reached XP level 11. HP: 59/97 MP: 14/14
  9671 | D:9      | Reached skill level 10 in Fighting
  9671 | D:9      | Reached skill level 10 in Long Blades
  9671 | D:9      | Reached skill level 10 in Armour
  9671 | D:9      | Reached skill level 5 in Stealth
  9671 | D:9      | Reached XP level 12. HP: 106/106 MP: 14/16
  9836 | D:9      | Killed a death yak
 10260 | D:9      | Noticed Maurice
 10293 | D:9      | Killed Maurice
 10377 | D:9      | Found a hide-covered altar of Uskayaw.
 10628 | D:10     | Entered Level 10 of the Dungeon
 10628 | D:10     | Noticed Grum
 10647 | D:10     | Killed Grum
 10754 | D:10     | Found a sacrificial altar of Ru.
 11053 | D:10     | Found a staircase to the Orcish Mines.
 11566 | D:10     | Found Leofon's Weapon Boutique.
 11835 | D:11     | Found the +7 lajatang of Order {silver, rMut}
 11969 | D:11     | Cast into level 1 of the Abyss (wight)
 11969 | Abyss:1  | Found a corrupted altar of Lugonu.
 12011 | Abyss:1  | Reached skill level 10 in Dodging
 12023 | Abyss:1  | Noticed a lich
 12034 | Abyss:1  | Noticed a cacodemon
 12044 | Abyss:1  | HP: 5/108 [disintegration[a lich] (34)]
 12052 | Abyss:1  | Gained mutation: Your magical capacity is low. (-10% MP) [a
                  | cacodemon]
 12357 | Abyss:1  | Noticed a starcursed mass
 12441 | Abyss:1  | Reached ** piety under Ashenzari
 12448 | Abyss:1  | Noticed a great orb of eyes
 12452 | Abyss:1  | Paralysed by a great orb of eyes for 3 turns
 12458 | Abyss:1  | Killed a great orb of eyes
 12468 | D:11     | Escaped the Abyss
 12717 | D:4      | Killed Lanoc's ghost
 12908 | D:8      | Killed zealot1's ghost
 12913 | D:8      | Killed a 14-headed hydra
 13019 | Lair:1   | Entered Level 1 of the Lair of Beasts
 13019 | Lair:1   | Noticed a five-headed hydra
 13026 | Lair:1   | Killed a nine-headed hydra
 13026 | Lair:1   | Reached XP level 13. HP: 116/116 MP: 16/16
 13073 | Lair:1   | Identified the +0 cloak "Forget-Me-Not" {rElec Str+3}
 14330 | D:11     | Reached skill level 5 in Shields
 15062 | D:12     | Found a gate leading to a gauntlet.
 15062 | D:12     | Found a blossoming altar of Fedhas.
 15138 | Gauntlet | Entered a Gauntlet
 15138 | Gauntlet | Found a transporter.
 15148 | Gauntlet | Found a transporter.
 15152 | Gauntlet | Found a runed translucent door.
 15153 | Gauntlet | Found a runed translucent door.
 15156 | Gauntlet | Found a transporter.
 15156 | Gauntlet | Noticed a death ooze
 15158 | Gauntlet | Found a transporter.
 15166 | Gauntlet | Found a transporter.
 15184 | Gauntlet | Found a transporter.
 15187 | Gauntlet | Identified the amulet of Kearovu {Spirit +Fly rPois Str+3
                  | Int+2}
 15194 | Gauntlet | Found a transporter.
 15204 | Gauntlet | Found a transporter.
 15221 | Gauntlet | Found a transporter.
 15230 | Gauntlet | Found a transporter.
 15230 | Gauntlet | Found a transporter.
 15244 | Gauntlet | Found a transporter.
 15291 | Gauntlet | Found a transporter.
 15297 | Gauntlet | Killed a death ooze
 15380 | Gauntlet | Identified the +1 plate armour of Filth {Dex+5}
 15380 | Gauntlet | Noticed a minotaur
 15386 | Gauntlet | Killed a minotaur
 15924 | D:12     | Reached *** piety under Ashenzari
 15940 | D:12     | Noticed Fannar
 15956 | D:12     | Killed Fannar
 16079 | D:12     | Noticed a vampire knight
 16080 | D:12     | Noticed a war gargoyle
 16094 | D:12     | Killed a vampire knight
 16103 | D:12     | Killed a war gargoyle
 17259 | D:14     | Found a gate to the Vaults.
 17299 | D:14     | Reached XP level 14. HP: 127/127 MP: 18/18
 17514 | D:14     | Reached skill level 15 in Armour
 17726 | D:14     | Reached skill level 5 in Hexes
 17727 | D:14     | Reached **** piety under Ashenzari
 17749 | D:14     | Reached skill level 5 in Spellcasting
 17871 | D:15     | Entered Level 15 of the Dungeon
 18876 | D:15     | Reached skill level 5 in Evocations
 19023 | D:15     | Found a shadowy altar of Dithmenos.
 19078 | D:15     | Found a shattered altar of Ashenzari.
 19153 | D:15     | Found a runed translucent door.
 19185 | D:15     | Found a runed translucent door.
 19201 | D:15     | Found a runed translucent door.
 19215 | D:15     | Found a runed translucent door.
 19270 | D:15     | Found a staircase to the Depths.
 19275 | D:15     | Found Puadiw's Magic Scroll Boutique.
 20239 | Lair:2   | Noticed Urug
 20250 | Lair:2   | Killed Urug
 20339 | Lair:2   | Found a staircase to the Swamp.
 20670 | Lair:2   | Reached ***** piety under Ashenzari
 21999 | Lair:4   | Reached XP level 15. HP: 137/137 MP: 19/19
 22097 | Lair:4   | Found a hole to the Spider Nest.
 22439 | Lair:4   | Found a runed translucent door.
 22439 | Lair:4   | Found a shimmering altar of Xom.
 22439 | Lair:4   | Noticed Lugonue's ghost (journeyman DECj)
 22450 | Lair:4   | Killed Lugonue's ghost
 22732 | Lair:5   | Found a shimmering altar of Xom.
 22771 | Lair:5   | Found a staircase to the Slime Pits.
 23177 | Lair:5   | Identified the cursed +3 dagger "Feimatoz" {vorpal, +Rage
                  | rF+ Int+4 Dex-5}
 23500 | Lair:6   | Entered Level 6 of the Lair of Beasts
 24353 | Lair:6   | Identified the ring of Huimokh {+Inv EV+4 Str-5 Int+8
                  | Slay+5}
 24966 | Orc:1    | Entered Level 1 of the Orcish Mines
 25041 | Orc:1    | Reached ****** piety under Ashenzari
 25059 | Orc:1    | Noticed Erolcha
 25063 | Orc:1    | Killed Erolcha
 25444 | Orc:2    | Entered Level 2 of the Orcish Mines
 25507 | Orc:2    | Found Tebbeiv's Jewellery Shop.
 25529 | Orc:2    | Found Riaffucy's Gadget Emporium.
 25944 | Orc:2    | Reached skill level 15 in Long Blades
 25984 | Orc:2    | Reached skill level 15 in Fighting
 25996 | Orc:2    | Found Dooroops's Magic Scroll Emporium.
 25996 | Orc:2    | Found Ruesyrph's Weapon Shop.
 26249 | Orc:2    | Found a roughly hewn altar of Beogh.
 26331 | Orc:2    | Found a roughly hewn altar of Beogh.
 26540 | Orc:2    | Found a roughly hewn altar of Beogh.
 26570 | Orc:2    | Found a staircase to the Elven Halls.
 26727 | Swamp:1  | Entered Level 1 of the Swamp
 26769 | Swamp:1  | Reached XP level 16. HP: 98/149 MP: 15/20
 26847 | Swamp:1  | Found a frozen archway.
 26871 | IceCv    | Entered an ice cave
 27518 | IceCv    | Noticed an Ice Fiend
 27518 | IceCv    | Noticed an Ice Fiend
 27527 | IceCv    | Killed an Ice Fiend
 27531 | IceCv    | Killed an Ice Fiend
 27575 | IceCv    | Identified the +6 demon blade of Keucuops {vamp, +Rage
                  | rPois Str-4}
 28720 | Swamp:2  | Noticed Nikola
 28732 | Swamp:2  | Killed Nikola
 28979 | Swamp:2  | Noticed Louise
 28996 | Swamp:2  | Killed Louise
 29263 | Swamp:2  | Noticed Kirke
 29293 | Swamp:2  | Killed Kirke
 29740 | Swamp:3  | Noticed a thorn hunter
 29767 | Swamp:3  | Killed a thorn hunter
 30701 | Swamp:4  | Entered Level 4 of the Swamp
 30885 | Swamp:4  | Reached skill level 15 in Dodging
 31509 | Swamp:4  | Identified the +4 battleaxe of Infinity {pain, rPois}
 31543 | Swamp:4  | Reached XP level 17. HP: 113/159 MP: 15/21
 31902 | Swamp:4  | Got a decaying rune of Zot
 32297 | Spider:1 | Entered Level 1 of the Spider Nest
 32301 | Spider:1 | Identified Roxanne's Compendium of Clay
 32301 | Spider:1 | Noticed Roxanne
 32321 | Spider:1 | Killed Roxanne
 33548 | Spider:1 | Noticed Frances
 33557 | Spider:1 | Killed Frances
 36223 | Spider:4 | Entered Level 4 of the Spider Nest
 36226 | Spider:4 | Reached XP level 18. HP: 170/170 MP: 21/21
 36864 | Spider:4 | Got a gossamer rune of Zot
 37029 | Spider:4 | Learned a level 2 spell: Blink
 37687 | Vaults:1 | Entered Level 1 of the Vaults
 38579 | Vaults:1 | Found Maemenun's Distillery.
 38587 | Vaults:1 | Bought a potion of might for 72 gold pieces
 38587 | Vaults:1 | Bought a potion of berserk rage for 90 gold pieces
 38725 | Vaults:1 | Reached XP level 19. HP: 175/180 MP: 22/22
 38994 | Vaults:1 | Identified the +1 glaive of Urgency {vorpal, *Noise +Blink
                  | rPois Stlth+}
 40291 | Vaults:2 | Noticed a lich
 40300 | Vaults:2 | Noticed Margery
 40309 | Vaults:2 | Killed a lich
 40336 | Vaults:2 | Killed Margery
 40848 | Vaults:2 | Found a runed translucent gate.
 40848 | Vaults:2 | Found a runed translucent gate.
 40848 | Vaults:2 | Found a runed translucent gate.
 40848 | Vaults:2 | Noticed Vileos's ghost (adept DsGl)
 41259 | Vaults:2 | Found Ocyihadwe's Weapon Shop.
 41281 | Vaults:2 | Cast into level 3 of the Abyss (hell knight)
 41328 | Abyss:3  | Identified the +7 plate armour of Dice, Bag, and Bottle
                  | {*Drain +Fly rPois Regen+}
 41361 | Abyss:3  | Noticed a bone dragon
 41378 | Abyss:3  | Killed a bone dragon
 41428 | Vaults:2 | Escaped the Abyss
 41805 | Vaults:2 | Reached XP level 20. HP: 101/193 MP: 11/23
 41847 | Vaults:2 | Identified the Almanac of Intoxication and Shape Shifting
 42027 | Vaults:2 | Identified the cursed +2 mace of Honour {speed, rF+ rN+
                  | Dex+3}
 42677 | Vaults:2 | Killed Vileos's ghost
 43401 | Vaults:3 | Found a staircase to the Crypt.
 43443 | Vaults:3 | Noticed Saint Roka
 43452 | Vaults:3 | Killed Saint Roka
 44721 | Vaults:4 | Found a flickering gateway to a bazaar.
 44803 | Bazaar   | Entered a bazaar
 44937 | Bazaar   | Found Orue's Gadget Shoppe.
 44940 | Bazaar   | Found Zeraaset's Distillery.
 44968 | Bazaar   | Found Fykiw's Magic Scroll Shop.
 44971 | Bazaar   | Found Laif's General Store.
 44976 | Bazaar   | Found Ceps's Antique Weapon Shoppe.
 45018 | Bazaar   | Bought a potion of haste for 120 gold pieces
 45018 | Bazaar   | Bought a potion of heal wounds for 60 gold pieces
 45018 | Bazaar   | Bought a potion of haste for 120 gold pieces
 45018 | Bazaar   | Bought a potion of haste for 120 gold pieces
 45018 | Bazaar   | Bought a potion of might for 48 gold pieces
 45043 | Bazaar   | Bought a scroll of remove curse for 30 gold pieces
 45050 | Bazaar   | Bought a scroll of enchant weapon for 82 gold pieces
 45050 | Bazaar   | Bought a potion of heal wounds for 55 gold pieces
 45050 | Bazaar   | Bought a potion of haste for 110 gold pieces
 45637 | Vaults:4 | Found a portal to a secret trove of treasure.
 46077 | Vaults:4 | Identified the amulet "Zelopn" {Inacc Fragile +Fly rElec
                  | rN++}
 46508 | Elf:1    | Entered Level 1 of the Elven Halls
 46607 | Elf:1    | Found Quumiuge's Magic Scroll Shoppe.
 46611 | Elf:1    | Bought a scroll of teleportation for 36 gold pieces
 46611 | Elf:1    | Bought a scroll of remove curse for 36 gold pieces
 46611 | Elf:1    | Bought a scroll of remove curse for 36 gold pieces
 46611 | Elf:1    | Bought a scroll of teleportation for 36 gold pieces
 46611 | Elf:1    | Bought a scroll of enchant weapon for 90 gold pieces
 46630 | Elf:1    | Found Soynedd's Gadget Shoppe.
 46641 | Elf:1    | Found Ocaessa's Distillery.
 46654 | Elf:1    | Found Sikesch's Distillery.
 46658 | Elf:1    | Bought a potion of might for 40 gold pieces
 46658 | Elf:1    | Bought a potion of haste for 100 gold pieces
 46658 | Elf:1    | Bought a potion of might for 40 gold pieces
 46992 | Elf:1    | Found a magical portal.
 47001 | WizLab   | Entered Wucad Mu's Monastery
 47314 | Elf:1    | Reached XP level 21. HP: 204/204 MP: 24/24
 47408 | Elf:1    | Found Giafos's Distillery.
 47417 | Elf:1    | Bought a potion of heal wounds for 75 gold pieces
 47417 | Elf:1    | Bought a potion of heal wounds for 75 gold pieces
 47566 | Elf:1    | Identified the ring "Xauxzi" {rPois rCorr Str+2 Dex+4}
 48159 | Elf:2    | Found a huge runed translucent gate.
 48159 | Elf:2    | Found a huge runed translucent gate.
 48159 | Elf:2    | Found a huge runed translucent gate.
 48159 | Elf:2    | Found a huge runed translucent gate.
 48163 | Elf:2    | Found a huge runed translucent gate.
 48737 | Elf:3    | Entered Level 3 of the Elven Halls
 48737 | Elf:3    | Found Cianlih's Antique Weapon Emporium.
 48744 | Elf:3    | Cast into level 2 of the Abyss (a deep elf sorcerer)
 48769 | Abyss:2  | Identified the +1 ring mail of the Comet {Rampage *Drain
                  | Str+2 Dex+2}
 49243 | Elf:3    | Escaped the Abyss
 49393 | Elf:3    | Found Ohuikuas's Assorted Antiques.
 49421 | Elf:3    | Bought a pair of transparent boots for 351 gold pieces
 49421 | Elf:3    | Identified the +0 pair of boots "Roogekh" {MR+ Str+3} (You
                  | bought it in a shop on level 3 of the Elven Halls)
 49421 | Elf:3    | Bought a scroll of remove curse for 111 gold pieces
 49421 | Elf:3    | Bought a scroll of enchant weapon for 277 gold pieces
 49771 | Elf:3    | Cast into level 3 of the Abyss (a deep elf demonologist)
 49798 | Abyss:3  | Found a corrupted altar of Lugonu.
 49878 | Elf:3    | Escaped the Abyss
 50504 | Elf:3    | Identified the ring "Cadou" {rF+ Str+4 SInv Stlth+}
 50514 | Elf:3    | Cast into level 3 of the Abyss (deep elf sorcerer)
 50543 | Abyss:3  | Reached XP level 22. HP: 215/215 MP: 25/25
 50548 | Abyss:3  | Found a hazy altar of Hepliaklqana.
 50667 | Elf:3    | Escaped the Abyss
 50942 | Elf:3    | Identified the cursed +0 leather armour of Apathy {*Contam
                  | +Inv rF+}
 50943 | Elf:3    | Identified the +7 great mace of the Trees {drain, MP+9}
 51536 | Elf:3    | Learned a level 2 spell: Ensorcelled Hibernation
 51644 | Elf:3    | Bought a scroll of teleportation for 111 gold pieces
 51644 | Elf:3    | Bought 2 scrolls of teleportation for 222 gold pieces
 51644 | Elf:3    | Bought a potion of haste for 370 gold pieces
 51644 | Elf:3    | Bought a potion of might for 148 gold pieces
 51703 | Elf:1    | Bought a potion of haste for 150 gold pieces
 51725 | Elf:1    | Bought a potion of mutation for 80 gold pieces
 51725 | Elf:1    | Bought a potion of mutation for 80 gold pieces
 51757 | Elf:1    | Bought a potion of heal wounds for 70 gold pieces
 51757 | Elf:1    | Bought a potion of haste for 140 gold pieces
 51757 | Elf:1    | Bought 2 potions of stabbing for 112 gold pieces
 51757 | Elf:1    | Bought a potion of mutation for 112 gold pieces
 51757 | Elf:1    | Bought a potion of ambrosia for 112 gold pieces
 51794 | Elf:1    | Bought a scroll of holy word for 90 gold pieces
 52246 | Vaults:4 | You paid a toll of a +5 demon whip to enter a treasure
                  | trove
 52247 | Trove    | Entered a treasure trove
 52255 | Trove    | Got the hunting sling of Izukkutt {freeze, rElec MP-9
                  | Int+3}
 52257 | Trove    | Got the cursed scimitar of the Dark Horse {drain, Str+3}
 52267 | Trove    | Got the cursed lajatang "Leafos" {vamp, +Blink rF+}
 52269 | Trove    | Got the cursed long sword of Itwooh Coge {venom, rC+}
 52271 | Trove    | Got the cursed triple sword of the Weasel {vorpal, +Fly
                  | Str+3 Int+4}
 52576 | Lair:1   | Identified the cursed +1 triple sword of the Weasel
                  | {vorpal, +Fly Str+3 Int+4} (You found it in a treasure
                  | trove)
 52585 | Lair:1   | Identified the cursed +7 long sword of Itwooh Coge {venom,
                  | rC+} (You found it in a treasure trove)
 52585 | Lair:1   | Identified the cursed +1 lajatang "Leafos" {vamp, +Blink
                  | rF+} (You found it in a treasure trove)
 52585 | Lair:1   | Identified the cursed +2 scimitar of the Dark Horse {drain,
                  | Str+3} (You found it in a treasure trove)
 52585 | Lair:1   | Identified the +6 hunting sling of Izukkutt {freeze, rElec
                  | MP-9 Int+3} (You found it in a treasure trove)
 52775 | Vaults:5 | Entered Level 5 of the Vaults
 52837 | Vaults:5 | Noticed an ancient lich
 53007 | Vaults:4 | Killed an ancient lich
 53484 | Vaults:5 | Noticed an ancient lich
 53506 | Vaults:4 | Killed an ancient lich
 53665 | Vaults:5 | Reached XP level 23. HP: 169/227 MP: 18/26
 53838 | Vaults:5 | Identified the cursed +1 halberd "Gecvab" {freeze, rC+}
 54652 | Vaults:5 | Identified the amulet "Hoolumn" {Spirit rElec rPois Stlth-}
 54656 | Vaults:5 | Found the +8 autumn katana {vorpal, Clar}
 55454 | Vaults:5 | Identified the Tome of Cankerous Changing
 55695 | Vaults:5 | Got a silver rune of Zot
 56183 | Slime:1  | Entered Level 1 of the Pits of Slime
 56339 | Slime:1  | Gained mutation: Your flesh is heat resistant. (rF+) [a
                  | shining eye]
 56340 | Slime:1  | Gained mutation: You occasionally shout uncontrollably at
                  | your foes. [a shining eye]
 56345 | Slime:1  | Gained mutation: Your body sometimes deteriorates upon
                  | taking damage. [a shining eye]
 56347 | Slime:1  | Gained mutation: Your spells are a little easier to cast,
                  | but a little less powerful. [a shining eye]
 56358 | Slime:1  | Gained mutation: You sometimes yell uncontrollably at your
                  | foes. [a shining eye]
 56714 | Slime:5  | Entered Level 5 of the Pits of Slime
 56755 | Slime:5  | Found a viscous altar of Jiyva.
 56755 | Slime:5  | Noticed the Royal Jelly
 56779 | Slime:5  | Reached XP level 24. HP: 204/238 MP: 23/26
 56973 | Slime:5  | Killed the Royal Jelly
 57583 | Slime:5  | Identified the +5 great mace of Indomitability {venom,
                  | rPois Str+5 Int-2 Stlth+}
 57667 | Slime:5  | Got a slimy rune of Zot
 58172 | Lair:1   | Lost mutation: Your spells are a little easier to cast, but
                  | a little less powerful. [potion of mutation]
 58172 | Lair:1   | Lost mutation: Your body sometimes deteriorates upon taking
                  | damage. [potion of mutation]
 58172 | Lair:1   | Lost mutation: Your magical capacity is low. (-10% MP)
                  | [potion of mutation]
 58172 | Lair:1   | Lost mutation: You sometimes yell uncontrollably at your
                  | foes. [potion of mutation]
 58172 | Lair:1   | Gained mutation: Your spells are a little harder to cast,
                  | but a little more powerful. [potion of mutation]
 58172 | Lair:1   | Gained mutation: You are dopey. (Int -2) [potion of
                  | mutation]
 58172 | Lair:1   | Gained mutation: You expend magic power (3 MP) to
                  | strengthen your wands. [potion of mutation]
 58376 | Crypt:1  | Entered Level 1 of the Crypt
 60493 | Crypt:3  | Entered Level 3 of the Crypt
 60578 | Crypt:3  | Reached skill level 10 in Shields
 60864 | Crypt:3  | Found an ancient bone altar of Kikubaaqudgha.
 60864 | Crypt:3  | Noticed an ancient lich
 60874 | Crypt:3  | Killed an ancient lich
 60910 | Crypt:3  | Identified the ring of Kij Ijeh {Ice rPois Str-4 Dex+8}
 60916 | Crypt:3  | Identified the Incunabulum of Attacks and Execration
 61176 | Crypt:3  | Reached XP level 25. HP: 228/248 MP: 27/30
 61315 | Crypt:3  | Identified the Collected Works on Sinister Arts
 61388 | Crypt:3  | Found a staircase to the Tomb.
 61708 | Tomb:1   | Entered Level 1 of the Tomb of the Ancients
 61814 | Tomb:1   | Paralysed by a sphinx for 2 turns
 61836 | Tomb:1   | HP: 12/240 [poisoned by an ushabti (dark miasma)]
 61844 | Tomb:1   | HP: 10/240 [poisoned by an ushabti (dark miasma)]
 62325 | Depths:1 | Entered Level 1 of the Depths
 62493 | Depths:1 | Noticed Asterion
 62502 | Depths:1 | Killed Asterion
 62987 | Depths:1 | Found a gateway to Hell.
 63424 | Depths:2 | Found a one-way gate leading to the halls of Pandemonium.
 64497 | Depths:3 | Cast into level 3 of the Abyss (spriggan rider)
 64653 | Abyss:4  | Found a corrupted altar of Lugonu.
 64721 | Abyss:4  | Got an abyssal rune of Zot
 64875 | Depths:3 | Escaped the Abyss
 65161 | Depths:3 | Identified the +5 plate armour of Ziligg {Harm rF+ rC+}
 65210 | Depths:3 | Collided with a rock wall

Illustrated notes

Levels and vault maps discovered:
D:1:      ldierk_walled_garden, layout_loops_ring, serial_glass,
          glass_columns_a, glass_columns_b, glass_columns_a, glass_columns_c,
          due_unseen_surprise
D:2:      layout_loops_ring, gammafunk_temple_overflow_arena
D:3:      layout_loops_ring, grunt_temple_overflow_order_and_chaos_2,
          nicolae_tso_swordbearing_angel, nicolae_overflow_crystal_walls,
          portal_sewer_entry_e
D:4:      layout_rooms, kennysheep_little_box, gammafunk_ghost_abyssal_escape
D:5:      layout_basic, vehumet_altar_wand_db
D:6:      layout_layer_cave, gammafunk_temple_overflow_wave
D:7:      cheibrodos_fertilizer, layout_loops_ring, trog_ov_bears_minmay,
          kiku_gazebo_garden_becter, minmay_temple_entry_statues_pillars,
          serial_glass, glass_columns_a, glass_columns_a, uniq_joseph
D:8:      layout_rooms, grunt_gozag_statues, gammafunk_ghost_hydra_chop,
          serial_glass, glass_columns_a, glass_columns_a, enter_bailey_6,
          grunt_ministairs_6, chequers_jeans
D:9:      layout_basic, overflow_temple_1_default, dpeg_lair_monsters,
          uniq_maurice
D:10:     layout_basic, zombieorc1_lemuel, serial_shops, shop,
          chequers_serial_rivers_room_a, lemuel_oklob_altar, uniq_grum
D:11:     layout_loops_ring, minmay_orc_keep
D:12:     minmay_the_grid_four_pointed_star
          [minmay_the_grid_triangle_9x9_shrine,
          minmay_the_grid_triangle_9x9_dagger,
          minmay_the_grid_triangle_9x9_zippers_horizontal,
          minmay_the_grid_triangle_9x9_zippers_vertical,
          minmay_the_grid_prize_diamond_cup], layout_cave_pools,
          gauntlet_entry_generic, uniq_fannar
D:13:     layout_stronghold
D:14:     layout_small_grid, erik_vaults_1, grunt_decor_fettered
D:15:     hangedman_depths_entry_civil_slaughter, layout_basic, serial_shops,
          shop, nicolae_dithmenos_through_a_glass_darkly, basic_altar,
          minmay_statue_crystal_thing
Temple:   jpeg_temple_island
Lair:1:   layout_roguey
Lair:2:   layout_cave_pods, minmay_swamp_entry_swarm, minivault_27,
          grunt_megastairs_2, uniq_urug
Lair:3:   layout_loops_ring, st_stairs_9, chequers_serial_rivers_room_b,
          serial_bayou_shore_a
Lair:4:   layout_gridlike, dummy_spider_entry, ebering_ghost_xom,
          grunt_forest_large_clearings
Lair:5:   layout_cave_pods, slime_dummy, basic_altar, roderic_carrion_pond
Lair:6:   minmay_lair_end_enchanted_forest, layout_loops_ring, serial_rivers,
          chequers_serial_rivers_marsh, chequers_serial_rivers_small_a,
          chequers_serial_rivers_room_a, chequers_serial_rivers_small_b,
          chequers_serial_rivers_room_b, chequers_serial_rivers_large_a,
          minivault_23
Swamp:1:  layout_basic_swamp, portal_ice_cave_entry_ice_statue_one,
          evilmike_swamp_ruin_rubble_1
Swamp:2:  layout_falls_marsh, evilmike_swamp_ruin_house_1, swamp_pool1,
          uniq_louise, uniq_nikola, uniq_kirke
Swamp:3:  layout_basic_swamp, hangedman_swamp_pad, swamp_pool2
Swamp:4:  swamp, layout_basic_swamp, swamp_pool1
Spider:1: layout_spider_delve, uniq_roxanne, uniq_frances
Spider:2: layout_spider_delve
Spider:3: layout_spider_delve, minivault_29
Spider:4: spider_rune_water
Slime:1:  layout_caves
Slime:2:  layout_caves
Slime:3:  layout_caves
Slime:4:  layout_caves
Slime:5
Orc:1:    layout_caves, nicolae_orc_rockfall, uniq_erolcha
Orc:2:    st_orc_town, layout_diamond_mine, hangedman_feature_mirror
Elf:1:    minmay_elf_arrival_summoners, layout_gridlike, mu_enter_wizlab_5,
          serial_shops, shop, nicolae_shop_competitors_out_of_business,
          nicolae_shop_waterfront, shop, shop, evilmike_minifort
Elf:2:    layout_geoelf_diagonals, hangedman_elven_ridges, drop_trap
Elf:3:    minmay_elf_hall_hex, layout_loops_ring, serial_shops, shop_statue,
          shop
Vaults:1: hangedman_vaults_stitches, v_misc_1, nicolae_vaults_branching_niches,
          vaults_mumra_hex, nicolae_vaults_yaktaur_gun_rack,
          nicolae_vaults_little_squares_3, vaults_room_stairs_pillars, v_misc_1,
          layout_vaults_omnigrid, serial_shops, nicolae_shop_crystal
Vaults:2: gammafunk_vaults_ghost_spectres, v_misc_23, st_greater_box_3,
          hangedman_vaults_nails, nicolae_vaults_little_ls, v_misc_27,
          vaults_room_fours, nicolae_vaults_little_squares_6,
          dpeg_vaults_monster_box, layout_vaults_chaotic_city, uniq_margery
Vaults:3: minmay_crypt_entry_simple_round, nicolae_vaults_triangles,
          vaults_room_pool, nicolae_vaults_rhombus_5, v_misc_26, v_pattern_4,
          ontoclasm_vaults_bender, vaults_room_glass_cross,
          ontoclasm_vaults_spin, grunt_vaults_twisty, vaults_room_ringed_pool,
          ontoclasm_vaults_decontamination, layout_vaults_ring, uniq_saint_roka
Vaults:4: nicolae_vaults_little_squares_1, hangedman_vaults_stream, v_misc_17,
          v_misc_1, nicolae_vaults_theta, v_pattern_5, vaults_room_pool,
          layout_vaults_omnicross, nicolae_trove_entry_crystal, serial_shops,
          bzr_in_the_mist
Vaults:5: serial_shops
Crypt:1:  hangedman_screamer, layout_chaotic_city, st_stairs_11
Crypt:2:  layout_chaotic_city
Crypt:3:  cryptofortress_bobbens
Tomb:1
Depths:1: layout_cave_pools, hangedman_glass_teeth, pf_coc_iceberg,
          uniq_asterion
Depths:2: minmay_shoctagon, layout_gridlike, rand_demon_pan_entry_7,
          minmay_misc_feat_ornament, hell_entry, minmay_staircase_bubble,
          serial_bayou_shore_b
Depths:3: hangedman_arch_fort, layout_cave_shapes, pf_hell_entry_tar_river,
          rand_demon_pan_entry_9, minmay_tree_intersection,
          chequers_serial_rivers_micro_d, minmay_shop_grove,
          infiniplex_staircase_door_maze

Skill      XL: |  1  2  3  4  5  6  7  8  9 10 11 12 13 14 15 16 17 18 19 20 21 22 23 24 25 |
---------------+----------------------------------------------------------------------------+-----
Armour         | 1 2 3 4 5 7 9 10 13 14 16 17 18 19 20 21 22 23 24 25 | 25.0
Long Blades    | 4 5 6 7 8 9 10 11 12 13 15 16 17 18 19 20 21 22 23 | 23.9
Fighting       | 3 4 5 6 7 9 10 11 12 13 15 16 17 18 19 21 22 23 24 25 | 25.3
Stealth        | 1 2 3 4 5 6 7 |  7.0
Dodging        | 4 5 6 7 8 9 10 11 12 14 15 16 17 18 19 20 21 22 23 | 23.6
Spellcasting   | 1 2 3 4 5 6 |  6.3
Hexes          | 1 2 3 4 5 6 |  6.2
Evocations     | 1 2 3 4 5 |  5.0
Shields        | 4 6 9 10 12 | 12.4
Throwing       | |  2.0

Action                   |  1- 3 |  4- 6 |  7- 9 | 10-12 | 13-15 | 16-18 | 19-21 | 22-24 | 25-27 || total
-------------------------+-------+-------+-------+-------+-------+-------+-------+-------+-------++-------
Melee: Long sword        |    68 |   138 |   283 |   436 |       |       |       |       |       ||   925
       Headbutt          |    10 |    24 |    70 |   179 |   368 |   435 |   483 |   665 |   243 ||  2477
       Demon blade       |       |       |       |    74 |       |       |       |       |       ||    74
       Double sword      |       |       |       |     5 |    81 |       |       |       |       ||    86
       Great sword       |       |       |       |       |   896 |  1086 |  1287 |   177 |       ||  3446
       Unarmed           |       |       |       |       |       |     2 |    11 |       |       ||    13
       Triple sword      |       |       |       |       |       |       |       |   801 |   254 ||  1055
       Katana            |       |       |       |       |       |       |       |   376 |   292 ||   668
       Rapier            |       |       |       |       |       |       |       |       |    26 ||    26
Throw: Throwing net      |       |       |       |     3 |     1 |     1 |       |       |       ||     5
Invok: Curse Item        |       |       |     3 |     1 |     2 |     1 |     2 |     5 |       ||    14
       Scrying           |       |       |       |       |       |     1 |       |       |       ||     1
 Abil: Evoke Flight      |       |       |       |       |     1 |       |       |       |       ||     1
Evoke: Wand              |       |       |       |    33 |     1 |       |     2 |       |       ||    36
  Use: Scroll            |       |    12 |     6 |    15 |    12 |     7 |    10 |    16 |     6 ||    84
       Potion            |       |       |     4 |    18 |     4 |     7 |    10 |     8 |     3 ||    54
 Stab: Sleeping          |     1 |       |       |       |       |       |       |       |       ||     1
       Paralysed         |       |       |       |     8 |       |       |       |       |       ||     8
       Held in net/web   |       |       |       |     1 |       |     1 |       |       |       ||     2
Armor: Leather armour    |     2 |       |       |       |       |       |       |       |       ||     2
       Chain mail        |    29 |    59 |   138 |   262 |    79 |       |       |       |       ||   567
       Plate armour      |       |       |       |       |   334 |   517 |   524 |   676 |   167 ||  2218
       Skin              |       |       |       |       |       |       |     6 |       |       ||     6
Dodge: Dodged            |    43 |    57 |   144 |   358 |   739 |  1219 |  1283 |  1638 |   630 ||  6111
Block: Other             |     8 |    38 |    29 |       |       |       |       |       |       ||    75
       Reflection        |       |     1 |     3 |       |       |       |       |       |     1 ||     5
       Buckler           |       |       |       |       |    26 |       |       |       |   164 ||   190
       Kite shield       |       |       |       |       |       |       |       |   261 |       ||   261
       Rpst.: Long sword |    11 |     9 |    37 |    70 |       |       |       |       |       ||   127
       Demon blade       |       |       |       |    14 |       |       |       |       |       ||    14
       Double sword      |       |       |       |     2 |    14 |       |       |       |       ||    16
       Great sword       |       |       |       |       |   146 |   217 |   256 |    39 |       ||   658
       Triple sword      |       |       |       |       |       |       |       |   237 |    74 ||   311
       Katana            |       |       |       |       |       |       |       |    39 |    35 ||    74

Table legend: (Time is in decaauts)
 A = Elapsed time spent in this place.
 B = Non-inter-level travel time spent in this place.
 C = Inter-level travel time spent in this place.
 D = Time resting spent in this place.
 E = Time spent auto-exploring this place.
 F = Levels seen in this place.
 G = Mean time per level.
                   A        B        C        D        E       F      G
               +--------+--------+--------+--------+--------+-----+--------+
         Total |  64337 |  58248 |   6089 |  10949 |  33562 |  66 |  974.8 |
       Dungeon |  17751 |  15446 |   2305 |   2696 |   9772 |  15 | 1183.4 |
        Temple |    249 |    242 |      7 |      0 |    236 |   1 |  249.0 |
          Lair |   6606 |   5831 |    775 |    155 |   4508 |   6 | 1101.0 |
         Swamp |   4414 |   4311 |    103 |   1039 |   2535 |   4 | 1103.5 |
   Spider Nest |   5077 |   4887 |    190 |    379 |   3647 |   4 | 1269.2 |
    Slime Pits |   1693 |   1568 |    125 |    836 |    240 |   5 |  338.6 |
  Orcish Mines |   1674 |   1571 |    103 |      0 |   1208 |   2 |  837.0 |
   Elven Halls |   4334 |   4005 |    329 |    820 |   2187 |   3 | 1444.7 |
        Vaults |  11605 |   9862 |   1743 |   2581 |   5113 |   5 | 2321.0 |
         Crypt |   3348 |   3054 |    294 |    622 |   1575 |   3 | 1116.0 |
          Tomb |    141 |    141 |      0 |      0 |     48 |   1 |  141.0 |
        Depths |   2095 |   1985 |    110 |    203 |   1179 |   3 |  698.3 |
         Abyss |   1702 |   1702 |      0 |    273 |    431 |   7 |  243.1 |
        Bazaar |    280 |    280 |      0 |      0 |    168 |   1 |  280.0 |
         Trove |     42 |     42 |      0 |      0 |      0 |   1 |   42.0 |
         Sewer |    745 |    745 |      0 |    231 |    201 |   1 |  745.0 |
        Bailey |   1093 |   1093 |      0 |    321 |    320 |   1 | 1093.0 |
      Ice Cave |   1113 |   1113 |      0 |    762 |     73 |   1 | 1113.0 |
        Wizlab |     98 |     98 |      0 |      0 |     41 |   1 |   98.0 |
      Gauntlet |    268 |    268 |      0 |     30 |     75 |   1 |  268.0 |
               +--------+--------+--------+--------+--------+-----+--------+

Top non-repeatable levels by time:
Vaults:2: 3842 daAuts
Vaults:4: 2894 daAuts
   Elf:3: 2132 daAuts
    D:10: 1876 daAuts
Vaults:3: 1678 daAuts
Spider:1: 1656 daAuts
Vaults:1: 1655 daAuts
    D:14: 1636 daAuts
Vaults:5: 1534 daAuts
     D:9: 1530 daAuts
 Swamp:3: 1498 daAuts
 Crypt:3: 1439 daAuts
    D:11: 1364 daAuts
  Lair:2: 1328 daAuts
  Lair:6: 1295 daAuts
